 Dungeon Crawl Stone Soup version 0.26-a0-695-g987792ac36 (webtiles) character file.

Game seed: 5022562626350612182

14567 grandjackal the Fighter (level 11, -33/95 HPs)
             Began as a Demonspawn Gladiator on Oct 25, 2020.
             Was an Elder of Uskayaw.
             Annihilated by an orc knight
             ... wielding a +0 battleaxe
              (46 damage)
             ... on level 12 of the Dungeon.
             The game lasted 00:15:16 (11213 turns).

grandjackal the Fighter (Demonspawn Gladiator)     Turns: 11213, Time: 00:15:16

Health: -33/95     AC:  9    Str: 28    XL:     11   Next: 90%
Magic:  18/18      EV: 16    Int: 15    God:    Uskayaw [****..]
Gold:   300        SH:  4    Dex: 10    Spells: 10/10 levels left

rFire    . . .     SeeInvis .   K - +1 scimitar of Weudica {drain, Str+4 Int+6 Dex-5}
rCold    . . .     Faith    +   n - +0 buckler
rNeg     . . .     Spirit   .   L - +0 troll leather armour
rPois    .         Reflect  .   c - +0 helmet
rElec    .         Harm     .   P - +1 cloak {rCorr}
rCorr    +         Rampage  .   (no gloves)
MR       .....     Rnd*Tele +   (no boots)
Stlth    +.........             A - amulet of faith
HPRegen  0.65/turn              s - ring of teleportation (curse)
MPRegen  0.16/turn              i - +6 ring of strength

@: no status effects
A: talons 1, rugged brown scales 2, demonic guardian 1, spiny 2
a: Stomp, Line Pass, Renounce Religion


You were on level 12 of the Dungeon.
You worshipped Uskayaw.
Uskayaw was aware of your devotion.
You visited 2 branches of the dungeon, and saw 13 of its levels.
You also visited: Sewer.

You collected 632 gold pieces.
You spent 332 gold pieces at shops.

Inventory:

Hand Weapons
 a - a +0 long sword
 k - a +1 dagger of freezing
 G - a +1 dagger of venom
 J - a +2 dagger of electrocution
 K - the +1 scimitar of Weudica (weapon) {drain, Str+4 Int+6 Dex-5}
   (You bought it in a shop on level 8 of the Dungeon)

   A truly terrible weapon, it drains the life of those it strikes.
   It affects your strength (+4).
   It affects your intelligence (+6).
   It affects your dexterity (-5).
Missiles
 d - 6 throwing nets
 f - 4 curare-tipped darts (quivered)
Armour
 c - a +0 helmet (worn)
 n - a +0 buckler (worn)
 L - a +0 troll leather armour (worn)
 P - a +1 cloak of preservation (worn)
 X - +0 acid dragon scales
Jewellery
 g - an uncursed ring of resist corrosion
 i - a +6 ring of strength (right hand)
 s - a cursed ring of teleportation (left hand)
 A - an amulet of faith (around neck)
 C - a cursed ring of attention {unknown}
 D - an uncursed ring of protection from magic {unknown}
 O - an uncursed amulet of reflection {unknown}
 T - a +6 ring of intelligence {unknown}
Wands
 h - a wand of paralysis (15)
 y - a wand of acid (19)
 R - a wand of flame (19)
 S - a wand of iceblast (11)
Scrolls
 b - 10 scrolls of teleportation {unknown}
 e - 2 scrolls of fear {unknown}
 l - 3 scrolls of enchant weapon {unknown}
 m - 2 scrolls of amnesia {unknown}
 o - a scroll of magic mapping {unknown}
 p - 8 scrolls of remove curse {unknown}
 t - 11 scrolls of identify {unknown}
 w - a scroll of noise {unknown}
 x - 4 scrolls of enchant armour {unknown}
 E - 4 scrolls of blinking
 F - 3 scrolls of fog {unknown}
 H - a scroll of random uselessness {unknown}
 N - a scroll of silence {unknown}
Potions
 j - 3 potions of stabbing {unknown}
 r - 5 potions of heal wounds {unknown}
 u - 8 potions of curing
 v - 3 potions of brilliance {unknown}
 z - a potion of resistance {unknown}
 B - a potion of invisibility {unknown}
 I - 2 potions of ambrosia {unknown}
 M - a potion of flight {unknown}
 Q - a potion of haste {unknown}
 U - a potion of berserk rage {unknown}
 V - a potion of cancellation {unknown}
 W - a potion of magic {unknown}


   Skills:
 + Level 10.2 Fighting
 + Level 9.6 Long Blades
 - Level 1.7 Throwing
 + Level 9.6 Dodging
 - Level 4.0 Shields
 + Level 10.0 Invocations


You had 10 spell levels left.
You didn't know any spells.
Your spell library was empty.

Dungeon Overview and Level Annotations

Branches:
Dungeon (12/15)            Temple (1/1) D:6            Lair (0/6) D:11
    Orc (0/2) D:10          Sewer (visited)

Altars:
Ashenzari
Cheibriados
Fedhas
Kikubaaqudgha
Nemelex Xobeh
Okawaru
Ru
Sif Muna
Trog
Uskayaw
Vehumet
Yredelemnul

Shops:
D:5 *   D:8 :*}(   D:10 [   D:12 !

Annotations:
D:6 1 runed translucent door, Copingsaw's ghost, novice BaFi
D:8 4 runed translucent doors
D:10 1 runed translucent door, Whiskey's ghost, journeyman BaFi


Innate Abilities, Weirdness & Mutations

You have sharp toenails.
You are mostly covered in rugged brown scales. (AC +2, +5% HP)
A weak demonic guardian rushes to your aid.
You are mostly covered in sharp spines.


Message History

The iceblast engulfs the orc knight.
The orc knight is severely wounded.
The iceblast engulfs the orc warrior.
You kill the orc warrior!
You hear a shout!
The orc priest invokes the aid of Beogh against you.
Pain shoots through your body!
The orc knight is struck by your spines.
The orc knight hits you with a +0 battleaxe!!
* * * LOW HITPOINT WARNING * * *
You hear a howl! x3
Unknown command.
Unknown command.
Unknown command.
Okay, then.
Evoke which item? (* to show all) (? for menu, Esc to quit)
Okay, then.
The orc knight is struck by your spines.
The orc knight hits you with a +0 battleaxe!!!
You die...

≈≈≈≈≈)≈≈≈≈≈≈≈≈≈≈..).≈≈≈≈≈≈ ≈≈≈≈≈
≈≈≈≈≈≈≈≈≈≈≈≈≈≈≈≈....≈≈≈≈≈≈ ≈≈≈≈≈
####≈≈≈≈≈≈≈≈≈≈≈≈....≈≈≈≈≈≈ ≈≈≈≈#
.oo#...................... ....
...#############''''###### ###
##+# #....# .# #....# .# #....#
.# ### #@o..# ##### .#
.....#..o.#...... .#
#8o.o..))o...... .#
#8.o'..).)[..... .#
......#8..8#...... .#
################## ##+# #
...##############################
ooo#............................#


You could see 2 orc knights, an orc warrior (strong, pain bonded) and 2 orcs.

Vanquished Creatures
  Harold (D:8)
  A boulder beetle (D:11)
  An unseen horror (D:11)
  Pikel (D:4)
  A centaur zombie (D:10)
  Maurice (D:9)
  Joseph (D:8)
  2 komodo dragons (D:11)
  A kobold demonologist (D:12)
  2 trolls
  A hornet (D:7)
  Grinder (D:6)
  Prince Ribbit (D:8)
  Sigmund (D:4)
  A shadow (D:11)
  A wraith (D:11)
  4 wyverns (D:11)
  4 yaks (D:10)
  A basilisk (D:11)
  13 wargs (D:12)
  4 water moccasins (D:11)
  An acid dragon (D:12)
  8 orc warriors
  2 black bears (D:11)
  2 sky beasts
  2 eyes of draining
  A phantom (D:11)
  2 necrophages
  5 ogres
  A wolf (D:11)
  5 centaurs
  2 big kobolds
  3 bullfrogs
  A water moccasin skeleton (D:5)
  4 scorpions
  7 killer bees
  4 howler monkeys
  3 wights (D:9)
  An electric eel (D:8)
  A bullfrog zombie (D:10)
  2 quasits (D:10)
  A bullfrog skeleton (D:4)
  5 hounds
  3 orc priests
  5 jellies
  9 orc wizards
  3 iguanas
  13 worker ants
  Terence (D:3)
  16 adders
  12 gnolls
  10 oozes (Sewer)
  6 ufetubi
  6 adder skeletons (D:2)
  2 adder zombies (D:2)
  5 worms
  A dart slug (D:1)
  18 leopard geckos
  47 orcs
  11 ball pythons
  A bat skeleton (D:2)
  12 giant cockroaches
  14 goblins
  9 hobgoblins
  6 jackals
  15 kobolds
  4 quokkas
  A ball python skeleton (D:2)
  6 bats
  6 frilled lizards
  2 giant cockroach zombies
  A leopard gecko skeleton (D:6)
  A quokka zombie (D:5)
  9 rats
362 creatures vanquished.

Vanquished Creatures (collateral kills)
  A yak (D:10)
  A warg (D:12)
  An orc warrior (D:11)
  An ogre (D:11)
  A centaur (D:10)
  A wolf (D:11)
  3 bullfrogs
  A scorpion (D:9)
  A hound (D:4)
  An orc wizard (D:3)
  An iguana (D:4)
  2 worker ants
  2 adders
  An ooze (Sewer)
  A leopard gecko (Sewer)
  3 orcs
  A kobold (D:11)
23 creatures vanquished.

Vanquished Creatures (others)
  A fungus (D:11)
  20 plants (D:11)
  A withered plant (D:2)
22 creatures vanquished.

Grand Total: 407 creatures vanquished

Notes
Turn   | Place    | Note
-------+----------+-------------------------------------------
     0 | D:1      | grandjackal the Demonspawn Gladiator began the quest for
                  | the Orb.
     0 | D:1      | Reached XP level 1. HP: 16/16 MP: 1/1
   220 | D:1      | Gained mutation: A weak demonic guardian rushes to your
                  | aid. [demonic ancestry]
   220 | D:1      | Reached XP level 2. HP: 22/22 MP: 2/2
  1617 | D:1      | Reached XP level 3. HP: 28/28 MP: 3/3
  1979 | D:2      | Found a shimmering blue altar of Sif Muna.
  2170 | D:2      | Reached XP level 4. HP: 31/34 MP: 4/4
  2285 | D:2      | Reached skill level 1 in Shields
  2543 | D:3      | Gained mutation: You have sharp toenails. [demonic
                  | ancestry]
  2543 | D:3      | Reached XP level 5. HP: 40/41 MP: 5/5
  2714 | D:3      | Noticed Terence
  2721 | D:3      | Killed Terence
  3075 | D:4      | Found a sparkling altar of Nemelex Xobeh.
  3186 | D:4      | Gained mutation: You are partially covered in rugged brown
                  | scales. (AC +1, +3% HP) [demonic ancestry]
  3186 | D:4      | Reached XP level 6. HP: 42/49 MP: 6/6
  3412 | D:4      | Noticed Sigmund
  3679 | D:4      | Killed Sigmund
  3679 | D:4      | Gained mutation: You are partially covered in sharp spines.
                  | [demonic ancestry]
  3679 | D:4      | Reached XP level 7. HP: 38/55 MP: 7/7
  3784 | D:4      | Found a broken altar of Ashenzari.
  3879 | D:4      | Found a snail-covered altar of Cheibriados.
  3879 | D:4      | Noticed Pikel
  3898 | D:4      | Killed Pikel
  3898 | D:4      | Reached skill level 5 in Fighting
  3898 | D:4      | Reached skill level 5 in Long Blades
  3898 | D:4      | Reached skill level 5 in Dodging
  3898 | D:4      | Reached XP level 8. HP: 57/63 MP: 8/8
  4286 | D:5      | Entered Level 5 of the Dungeon
  4290 | D:5      | Found a glowing drain.
  4314 | Sewer    | Entered a sewer
  4599 | D:5      | Found Goroineg's Mayhem Merchandise.
  5331 | D:6      | Noticed Grinder
  5342 | D:6      | Killed Grinder
  5342 | D:6      | Gained mutation: You are mostly covered in sharp spines.
                  | [demonic ancestry]
  5342 | D:6      | Reached XP level 9. HP: 73/73 MP: 9/9
  5352 | D:6      | Found a staircase to the Ecumenical Temple.
  5361 | Temple   | Entered the Ecumenical Temple
  5450 | Temple   | Became a worshipper of Uskayaw the Reveler
  5523 | D:6      | Reached * piety under Uskayaw
  5528 | D:6      | Reached ** piety under Uskayaw
  5531 | D:6      | Reached *** piety under Uskayaw
  5859 | D:6      | Reached skill level 1 in Invocations
  5995 | D:6      | Found a runed translucent door.
  5995 | D:6      | Noticed Copingsaw's ghost (novice BaFi)
  7126 | D:8      | Found Qiefro Ynget's Antique Weapon Emporium.
  7145 | D:8      | Bought a dazzling scimitar for 243 gold pieces
  7145 | D:8      | Identified the +1 scimitar of Weudica {drain, Str+4 Int+6
                  | Dex-5} (You bought it in a shop on level 8 of the Dungeon)
  7266 | D:8      | Noticed Harold
  7269 | D:8      | Found a huge runed translucent gate.
  7269 | D:8      | Found a huge runed translucent gate.
  7269 | D:8      | Found a huge runed translucent gate.
  7269 | D:8      | Noticed a polar bear
  7270 | D:8      | Noticed a polar bear
  7275 | D:8      | Noticed Joseph
  7278 | D:8      | Killed Harold
  7279 | D:8      | Reached **** piety under Uskayaw
  7283 | D:8      | Reached ***** piety under Uskayaw
  7284 | D:8      | Found a huge runed translucent gate.
  7284 | D:8      | Noticed a polar bear
  7293 | D:8      | Killed Joseph
  7293 | D:8      | Reached skill level 5 in Invocations
  7293 | D:8      | Gained mutation: You are mostly covered in rugged brown
                  | scales. (AC +2, +5% HP) [demonic ancestry]
  7293 | D:8      | Reached XP level 10. HP: 15/84 MP: 13/13
  7412 | D:8      | Found Gets's Gadget Shop.
  7443 | D:8      | Found Voghadghi's General Store.
  7458 | D:8      | Bought a scroll of blinking for 75 gold pieces
  7460 | D:8      | Noticed Prince Ribbit
  7465 | D:8      | Killed Prince Ribbit
  7508 | D:8      | Found a hide-covered altar of Uskayaw.
  7576 | D:8      | Found an iron altar of Okawaru.
  7663 | D:8      | Found Agreraur's Book Shoppe.
  8483 | D:9      | Noticed Maurice
  8495 | D:9      | Killed Maurice
  8836 | D:10     | Entered Level 10 of the Dungeon
  8836 | D:10     | Found Muadutia's Antique Armour Shoppe.
  8923 | D:10     | Found a staircase to the Orcish Mines.
  8937 | D:10     | Reached ****** piety under Uskayaw
  9135 | D:10     | Found a blossoming altar of Fedhas.
  9264 | D:10     | Found a runed translucent door.
  9264 | D:10     | Noticed a fire giant
  9264 | D:10     | Noticed Whiskey's ghost (journeyman BaFi)
  9434 | D:11     | Killed an unseen horror
  9434 | D:11     | Reached XP level 11. HP: 47/93 MP: 16/16
  9668 | D:11     | Found a staircase to the Lair.
  9733 | D:11     | Noticed a boulder beetle
  9747 | D:11     | Killed a boulder beetle
 10726 | D:12     | Found Zocrastro's Distillery.
 10734 | D:12     | Bought a potion of degeneration for 14 gold pieces
 11033 | D:12     | Reached skill level 10 in Fighting
 11201 | D:12     | Noticed an orc knight
 11202 | D:12     | Noticed an orc knight
 11211 | D:12     | Reached skill level 10 in Invocations
 11213 | D:12     | Annihilated by an orc knight

Illustrated notes

Levels and vault maps discovered:
D:1:      dpeg_arrival_water_temple_mockup, layout_loops_corners
D:2:      layout_basic, lemuel_blue_sif_altar, serial_undead, serial_undead_c,
          serial_undead_b, serial_undead_e, serial_undead_e, serial_undead_d,
          serial_undead_c, serial_undead_e, serial_undead_e, serial_undead_b,
          serial_undead_e
D:3:      layout_rooms, uniq_terence
D:4:      layout_cave_pools, nicolae_ashenzari_panopticon,
          nemelex_xobeh_ov_fountains_minmay, cheibriados_altar_1,
          kennysheep_path_1, minivault_27, serial_bayou_pond_c, uniq_sigmund,
          uniq_pikel
D:5:      layout_cave_pods, cheibrodos_sewer_entry_bend, minmay_shop_mayhem
D:6:      layout_gridville, minmay_temple_entry_gardened_gates,
          gammafunk_ghost_grave, grunt_ministairs_2, uniq_grinder
D:7:      layout_gridville
D:8:      lemuel_bear_cage, layout_rooms, basic_altar, serial_shops,
          nicolae_shop_statue_plus, nicolae_shop_crystal,
          nicolae_shop_temple_entry_statues_fountains, kennysheep_mini,
          kennysheep_flooded_box, amethyst_killhole, uniq_joseph,
          uniq_prince_ribbit1, uniq_harold
D:9:      layout_loops_corners, lightli_orcish_oven, uniq_maurice
D:10:     lemuel_ice_spiral_2, layout_rooms, david_orc_2, serial_shops, shop,
          ebering_ghost_inner_flame, basic_altar, minmay_misc_feat_x
D:11:     layout_gridville, minmay_lair_entry_grove, dk_vineyard_2
D:12:     lemuel_castle_with_subvaults [lemuel_castle_interior_carwin_2],
          layout_irregular_city, serial_shops, shop, nrook_mini_backslash
Temple:   dpeg_five_rooms_temple

Skill      XL: |  1  2  3  4  5  6  7  8  9 10 11 |
---------------+----------------------------------+-----
Long Blades    | 3 4 5 6 7 8 9 |  9.6
Dodging        | 3 4 5 6 7 8 9 |  9.6
Fighting       | 3 4 5 6 7 9 10 | 10.2
Shields        | 1 2 3 4 |  4.0
Invocations    | 5 7 10 | 10.0
Throwing       | |  1.7

Action                   |  1- 3 |  4- 6 |  7- 9 | 10-12 || total
-------------------------+-------+-------+-------+-------++-------
Melee: Long sword        |   127 |   116 |   240 |       ||   483
       Kick              |       |    31 |   100 |   112 ||   243
       Scimitar          |       |       |    22 |   277 ||   299
Throw: Throwing net      |       |       |     1 |       ||     1
       Dart              |       |       |       |     2 ||     2
Invok: Grand Finale      |       |       |       |     1 ||     1
Evoke: Wand              |       |       |       |     6 ||     6
  Use: Potion            |       |       |     1 |       ||     1
 Stab: Sleeping          |     1 |       |       |       ||     1
       Distracted        |       |     1 |     2 |     2 ||     5
       Paralysed         |       |       |     6 |    27 ||    33
       Held in net/web   |       |       |     1 |       ||     1
Armor: Leather armour    |    14 |       |       |       ||    14
       Ring mail         |    31 |    39 |    47 |       ||   117
       Troll leather arm |       |       |     4 |    68 ||    72
Dodge: Dodged            |    79 |    98 |   145 |   178 ||   500
Block: Buckler           |       |     3 |    80 |    57 ||   140
       Rpst.: Long sword |    28 |    21 |    43 |       ||    92
       Scimitar          |       |       |     5 |    52 ||    57

Table legend: (Time is in decaauts)
 A = Elapsed time spent in this place.
 B = Non-inter-level travel time spent in this place.
 C = Inter-level travel time spent in this place.
 D = Time resting spent in this place.
 E = Time spent auto-exploring this place.
 F = Levels seen in this place.
 G = Mean time per level.
                   A        B        C        D        E       F      G
               +--------+--------+--------+--------+--------+-----+--------+
         Total |  11374 |  10811 |    563 |   1790 |   6667 |  14 |  812.4 |
       Dungeon |  10924 |  10416 |    508 |   1763 |   6603 |  12 |  910.3 |
        Temple |    120 |     65 |     55 |      0 |     64 |   1 |  120.0 |
         Sewer |    330 |    330 |      0 |     27 |      0 |   1 |  330.0 |
               +--------+--------+--------+--------+--------+-----+--------+

Top non-repeatable levels by time:
     D:1: 1758 daAuts
     D:9: 1145 daAuts
     D:7: 1111 daAuts
    D:11: 1051 daAuts
     D:4: 959 daAuts
     D:3: 836 daAuts
     D:2: 799 daAuts
     D:5: 788 daAuts
    D:12: 742 daAuts
     D:6: 667 daAuts
    D:10: 587 daAuts
     D:8: 475 daAuts
   Sewer: 330 daAuts
  Temple: 120 daAuts
